 Dungeon Crawl Stone Soup version 0.30.1-11-g7821555f0a (webtiles) character file.

Game seed: 6029351206184950627

1508 Brecoman the Magician (level 8, -13/62 HPs)
             Began as a Mummy Necromancer on Dec 18, 2023.
             Was an Initiate of Gozag.
             Killed by divine providence
             ... invoked by an orc priest
              (15 damage)
             ... on level 5 of the Dungeon.
             The game lasted 00:26:09 (5444 turns).

Brecoman the Magician (Mummy Necromancer)           Turns: 5444, Time: 00:26:10

Health: -13/62     AC:  4    Str: 13    XL:     8   Next: 53%
Magic:  2/18       EV: 18    Int: 15    God:    Gozag
Gold:   657        SH:  0    Dex: 12    Spells: 16/20 levels left

rFire   x . .        g - staff of death
rCold   + . .        (no shield)
rNeg    + + +        l - +0 leather armour
rPois   ∞            (no helmet)
rElec   .            (no cloak)
rCorr   .            (no gloves)
SInv    +            d - +0 pair of boots
Will    +....        (no amulet)
Stlth   ++           c - ring of see invisible
HPRegen 0.30/turn    j - +5 ring of evasion
MPRegen 0.16/turn

%: faith
@: no status effects
A: cold resistance 1, negative energy resistance 3, torment resistance 2, heat
vulnerability 1, in touch with death 1, no potions, faith
a: Renounce Religion, Potion Petition, Call Merchant, Bribe Branch


You were on level 5 of the Dungeon.
You worshipped Gozag.
Gozag was pleased with you.
You visited 1 branch of the dungeon, and saw 5 of its levels.

You collected 715 gold pieces.
You paid 58 gold pieces to Gozag.

Inventory:

Hand Weapons
 b - a +1 short sword of flaming
 q - a +2 dagger of electrocution
Missiles
 f - 63 stones
Armour
 a - a +0 robe
 d - a +0 pair of boots (worn)
 l - a +0 leather armour (worn)
Magical Staves
 g - a staff of death (weapon)
Jewellery
 c - a ring of see invisible (left hand)
 j - a +5 ring of evasion (right hand)
 m - an amulet of regeneration
Scrolls
 e - a scroll of immolation {unknown}
 h - 2 scrolls of vulnerability {unknown}
 i - 3 scrolls of teleportation {unknown}
 k - 2 scrolls of identify {unknown}
 n - 2 scrolls of magic mapping {unknown}
 o - 2 scrolls of amnesia {unknown}
 p - a scroll of torment {unknown}
 r - a scroll of noise {unknown}


   Skills:
 + Level 5.0 Fighting
 + Level 4.7 Dodging
 - Level 1.8 Stealth
 + Level 6.8 Spellcasting
 + Level 6.7 Necromancy


You had 16 spell levels left.
You knew the following spells:

 Your Spells              Type           Power      Damage    Failure   Level
a - Necrotise             Necr           100%       1d9       1%          1
b - Vampiric Draining     Necr           54%        2d9       3%          3

Your spell library contained the following spells:

 Spells                   Type           Power      Damage    Failure   Level
 Magic Dart               Conj           20%        1d4       17%         1
 Shock                    Conj/Air       20%        1d4       17%         1
 Agony                    Necr           54%        N/A       30%         5
 Animate Dead             Necr           Unusable   N/A       N/A         4

Dungeon Overview and Level Annotations

Branches:
Dungeon (5/15)             Temple (0/1) D:4

Altars:
Dithmenos
Fedhas
Gozag
Hepliaklqana
Qazlal
Sif Muna
Trog
Vehumet
Yredelemnul

Annotations:
D:2 1 runed translucent door, Crazy Yiuf
D:3 2 transporters, wer000g's ghost, weakling AtBe
D:5 exclusion: 4 doors


Innate Abilities, Weirdness & Mutations

You are immune to poison.
Your flesh is cold resistant. (rC+)
You are immune to negative energy. (rN+++)
You are immune to unholy pain and torment.
You are vulnerable to heat. (rF-)
You are in touch with the powers of death.
You do not drink.
You have a special connection with the divine. (Faith)


Message History

Aiming: Necrotise (safe; 1% risk of failure)
Press: ? - help, Shift-Dir - straight line, f/p - yak
Aim: a yak (almost dead, chance to affect: 83%)
You feel a strong surge of power!
The yak writhes in agony.
The yak closely misses you.
Casting: Necrotise (safe; 1% risk of failure)
Confirm with . or Enter, or press ? or * to list all spells.
Aiming: Vampiric Draining (dangerous; 3% risk of failure)
Press: ? - help, Shift-Dir - straight line, f/p - yak
Aim: a yak (almost dead)
You feel a strong surge of power!
You draw life force from the yak!
You kill the yak!
You feel life coursing into your body.
Your Fighting skill increases to level 5!
The orc priest invokes the aid of Beogh against you.
Beogh smites you!
* * * LOW HITPOINT WARNING * * *
The yak attacks as you move away! The yak barely misses you.
The yak attacks as you move away! The yak closely misses you.
The yak attacks as you move away! The yak gores you.
* * * LOW HITPOINT WARNING * * *
The orc priest miscasts a cantrip.
Casting: Vampiric Draining (dangerous; 3% risk of failure)
Confirm with . or Enter, or press ? or * to list all spells.
Aiming: Vampiric Draining (dangerous; 3% risk of failure)
Press: ? - help, Shift-Dir - straight line, f - yak
Aim: a yak You feel a strong surge of power!
You draw life force from the yak!
You feel life coursing into your body. The yak completely misses you.
The yak attacks as you move away! The yak barely misses you.
The yak attacks as you move away! The yak misses you.
The yak attacks as you move away! The yak gores you!
* * * LOW HITPOINT WARNING * * *
The yak attacks as you move away! The yak closely misses you.
The yak attacks as you move away! The yak gores you!
* * * LOW HITPOINT WARNING * * *
The orc priest mumbles some strange prayers to Beogh against you.
Beogh smites you!
You die...
Your body crumbles into a pile of gold.

###..............###.#...........
#...#########.##.................
#.#####...##...#.####............
#.# ##...........# #####.....##.
#.# #............# #.......##
#.###............# #.......#
........>........# #.......#
...###......<....## ##.....##
..........##...#@.# ##....#
....####.########.# ####.##
...#.....# #Y# #..# >..#.#####
#.## ##.# ...#.# #Y.# ##.# ...#.#
##Y# #..# #.#..# #.# #.## #.#.##
#o# #.# ##..# #.# ##.#


You could see 3 yaks and an orc priest.

Vanquished Creatures
  Sigmund (D:3)
  2 yaks
  A water moccasin (D:5)
  An orc warrior (D:5)
  An ogre (D:3)
  Blork the orc (D:5)
  4 scorpions
  An orc priest (D:4)
  2 jellies
  Jessica (D:2)
  3 iguanas
  3 orc wizards
  Robin (D:4)
  4 gnolls (D:2)
  2 adders (D:4)
  A white imp (D:5)
  An ufetubus (D:5)
  A worm (D:4)
  2 dart slugs (D:3)
  14 orcs
  8 ball pythons
  8 bats
  4 endoplasms
  2 giant cockroaches
  15 goblins
  10 hobgoblins
  2 quokkas
  3 frilled lizards (D:3)
  11 kobolds
  6 rats
116 creatures vanquished.

Vanquished Creatures (collateral kills)
  A ball python (D:2)
  A goblin (D:2)
  A hobgoblin (D:1)
3 creatures vanquished.

Grand Total: 119 creatures vanquished

Notes
Turn   | Place    | Note
-------+----------+-------------------------------------------
     0 | D:1      | Brecoman the Mummy Necromancer began the quest for the Orb.
     0 | D:1      | Reached XP level 1. HP: 13/13 MP: 4/4
   241 | D:1      | Reached XP level 2. HP: 19/19 MP: 2/5
   380 | D:1      | Found a faded altar of an unknown god.
   947 | D:2      | Gained mutation: You are in touch with the powers of death.
                  | [Mummy growth]
   947 | D:2      | Reached XP level 3. HP: 24/25 MP: 4/7
  1048 | D:1      | Learned a level 3 spell: Vampiric Draining
  1213 | D:2      | Reached skill level 1 in Fighting
  1279 | D:2      | Reached XP level 4. HP: 20/32 MP: 1/9
  1397 | D:2      | Found a runed translucent door.
  1398 | D:2      | Noticed Crazy Yiuf
  1489 | D:2      | Noticed Jessica
  1495 | D:2      | Killed Jessica
  1621 | D:2      | Found a shadowy altar of Dithmenos.
  1892 | D:3      | Found a basalt altar of Yredelemnul.
  1893 | D:3      | Found a stormy altar of Qazlal.
  1895 | D:3      | Found an opulent altar of Gozag.
  1901 | D:3      | Became a worshipper of Gozag Ym Sagoz the Greedy
  2026 | D:3      | Noticed Sigmund
  2107 | D:3      | Killed Sigmund
  2108 | D:3      | Reached skill level 5 in Necromancy
  2108 | D:3      | Reached XP level 5. HP: 39/39 MP: 3/11
  2108 | D:3      | Reached XP level 6. HP: 46/46 MP: 3/12
  2198 | D:3      | Found a blossoming altar of Fedhas.
  2596 | D:3      | Found a transporter.
  2597 | D:3      | Noticed wer000g's ghost (weakling AtBe)
  2600 | D:3      | Found a transporter.
  2619 | D:3      | Found a hazy altar of Hepliaklqana.
  2620 | D:3      | Found a shadowy altar of Dithmenos.
  3027 | D:4      | Found a radiant altar of Vehumet.
  3250 | D:4      | Reached skill level 5 in Spellcasting
  3275 | D:4      | Found a staircase to the Ecumenical Temple.
  3307 | D:4      | Reached XP level 7. HP: 27/52 MP: 0/14
  3663 | D:4      | Noticed Robin
  3727 | D:4      | Killed Robin
  4404 | D:5      | Entered Level 5 of the Dungeon
  4832 | D:5      | Noticed a yak
  4834 | D:5      | Noticed a yak
  4834 | D:5      | Noticed a yak
  4854 | D:5      | Found a shimmering blue altar of Sif Muna.
  4864 | D:5      | Reached XP level 8. HP: 54/60 MP: 13/17
  4882 | D:5      | Got Sif Muna's Lessons on Power
  4932 | D:5      | Found a bloodstained altar of Trog.
  5046 | D:5      | Noticed Blork the orc
  5056 | D:5      | Killed Blork the orc
  5419 | D:5      | Reached skill level 5 in Fighting
  5444 | D:5      | HP: 2/62 [yak (8)]
  5444 | D:5      | Killed from afar by an orc priest

Illustrated notes

Levels and vault maps discovered:
D:1:      mrwooster_arrival_statue_3, layout_basic,
          shapermc_ecumenical_altar_pompeii, minmay_cut_off
D:2:      layout_rooms, basic_altar, uniq_crazy_yiuf_cottage, uniq_jessica
D:3:      minmay_inner_zag, layout_basic, nicolae_overflow_hidden_temple,
          minitemple, gammafunk_ghost_arena, uniq_sigmund
D:4:      layout_cave_pods, nicolae_vehumet_altar_sigil,
          minmay_temple_entry_glass, serial_forest, infiniplex_forest_diagonal,
          infiniplex_forest_corner_1, infiniplex_forest_straight_3,
          infiniplex_forest_lined_ring, infiniplex_forest_3_way,
          infiniplex_forest_fountain, uniq_robin
D:5:      layout_rooms, nzn_overflow_gifts_of_might_and_magic, minmay_pentangle,
          uniq_blork_the_orc

Skill      XL: |  1  2  3  4  5  6  7  8 |
---------------+-------------------------+-----
Spellcasting   | 3 4 5 6 |  6.8
Dodging        | 2 3 4 |  4.7
Fighting       | 1 2 3 4 5 |  5.0
Necromancy     | 5 6 |  6.7
Stealth        | |  1.8

Action                     |  1- 3 |  4- 6 |  7- 9 || total
---------------------------+-------+-------+-------++-------
  Melee: Short sword       |     1 |       |       ||     1
         Staff             |    11 |    22 |    70 ||   103
         Dagger            |       |       |     2 ||     2
   Cast: Necrotise         |    64 |   101 |   109 ||   274
         Vampiric Draining |       |     3 |     7 ||    10
 Armour: Robe              |     6 |       |       ||     6
         Leather armour    |     2 |    17 |    15 ||    34
  Dodge: Dodged            |    25 |    56 |   110 ||   191
